 Dungeon Crawl Stone Soup version 0.27-a0-988-g25969acef8 (webtiles) character file.

Game seed: 13109324541969598220

536 karrick the Magician (level 7, -1/47 HPs)
             Began as a Djinni Fire Elementalist on Apr 15, 2021.
             Was a Follower of Okawaru.
             Slain by a killer bee zombie (3 damage)
             ... on level 5 of the Dungeon.
             The game lasted 00:08:59 (5883 turns).

karrick the Magician (Djinni Fire Elementalist)     Turns: 5883, Time: 00:08:59

Health: -1/47      AC:  5    Str:  9    XL:     7   Next: 25%
Gold:   178        EV: 12    Int: 17    God:    Okawaru [*.....] SH:  0 Dex: 13

rFire    + + .     SeeInvis .   g - +1 dagger (speed)
rCold    x . .     Faith    .   (no shield)
rNeg     . . .     Spirit   .   u - +0 robe {Will+}
rPois    ∞         Reflect  .   m - +0 helmet
rElec    .         Harm     .   f - +0 cloak
rCorr    .         Rampage  .   h - +0 pair of gloves
Will     +....                  (boots unavailable)
Stlth    ++........             (no amulet)
HPRegen  0.15/turn              (no ring)
MPRegen  0.00/turn              (no ring)

@: attractive, flying
A: fire resistance 2, cold vulnerability 1, float, innate caster, hp casting,
extra vitality 1
a: Renounce Religion, Heroism


You were on level 5 of the Dungeon.
You worshipped Okawaru.
Okawaru was aware of your devotion.
You visited 2 branches of the dungeon, and saw 6 of its levels.

You collected 178 gold pieces.

Inventory:

Hand Weapons
 g - a +1 dagger of speed (weapon)
Armour
 f - a +0 cloak (worn)
 h - a +0 pair of gloves (worn)
 m - a +0 helmet (worn)
 u - a +0 robe of willpower (worn)
Wands
 j - a wand of polymorph (12)
 w - a wand of iceblast (10)
 x - a wand of flame (22)
Scrolls
 a - a scroll of amnesia {unknown}
 c - 3 scrolls of identify {unknown}
 i - a scroll of fear {unknown}
 l - 2 scrolls of torment {unknown}
 n - 2 scrolls of fog {unknown}
 o - a scroll of holy word {unknown}
 q - a scroll of silence {unknown}
 r - a scroll of noise {unknown}
 s - 3 scrolls of brand weapon {unknown}
 t - 2 scrolls of enchant weapon {unknown}
Potions
 e - a potion of haste {unknown}
 k - a potion of brilliance {unknown}
 p - a potion of heal wounds {unknown}
 v - a potion of resistance


   Skills:
 + Level 1.2 Fighting
 + Level 0.2 Short Blades
 + Level 2.8 Dodging
 + Level 3.2 Stealth
 + Level 5.9 Spellcasting


You couldn't memorise any spells.
You knew the following spells:

 Your Spells              Type           Power      Damage    Failure   Level
a - Foxfire               Conj/Fire      100%       2x1d9     1%          1
b - Conjure Flame         Conj/Fire      25%        6-21      3%          3
c - Inner Flame           Hex/Fire       25%        N/A       3%          3
d - Sticky Flame          Conj/Fire      25%        2d5       12%         4
e - Fireball              Conj/Fire      12%        3d7       32%         5
f - Beastly Appendage     Tmut           50%        N/A       1%          1
g - Slow                  Hex            25%        N/A       1%          2
h - Call Imp              Summ           25%        N/A       1%          2
Your spell library was empty.

Dungeon Overview and Level Annotations

Branches:
Dungeon (5/15)             Temple (1/1) D:4

Altars:
Ashenzari
Cheibriados
Elyvilon
Fedhas
Gozag
Hepliaklqana
Kikubaaqudgha
Makhleb
Nemelex Xobeh
Okawaru
Qazlal
Ru
Trog
Uskayaw
Vehumet
Wu Jian
Xom
Yredelemnul
Zin
The Shining One

Annotations:
D:2 Sigmund


Innate Abilities, Weirdness & Mutations

You are immune to poison.
Your flesh is very heat resistant. (rF++)
You are vulnerable to cold. (rC-)
You float through the air rather than walking.
You learn spells naturally, not from books.
Your magical power is your life essence.
You have superior vitality. (+4 HP)


Message History

You feel better. The centaur hits you.
* * * LOW HITPOINT WARNING * * *
The centaur closely misses you.
Your crimson imp closely misses the killer bee zombie.
The centaur hits you.
* * * LOW HITPOINT WARNING * * *
The centaur kicks you.
* * * LOW HITPOINT WARNING * * *
You hit the centaur but do no damage.
The centaur is severely wounded.
Your crimson imp hits the centaur but does no damage.
The centaur closely misses you.
The centaur kicks you but does no damage.
Unknown command.
You hit the centaur.
The centaur is severely wounded.
Your crimson imp hits the killer bee zombie.
Your crimson imp blinks!
The centaur closely misses you.
The centaur kicks you but does no damage.
Unknown command.
Casting: Foxfire (safe; 1% risk of failure)
Confirm with . or Enter, or press ? or * to list all spells.
You conjure some foxfire!
* * * LOW HITPOINT WARNING * * *
Your crimson imp barely misses the killer bee zombie.
The centaur hits you.
* * * LOW HITPOINT WARNING * * *
The centaur kicks you but does no damage.
Your crimson imp blinks!
You hit the centaur but do no damage.
The centaur is severely wounded.
The foxfire hits the centaur!
You kill the centaur!
Okawaru accepts your kill.
Unknown command.
It was a potion of attraction.
You feel attractive to monsters. The killer bee zombie hits you.
You die...

#.# #.#
#.# #.#
#.# #.# #
#.# ...
#.##.....
#@Z5...5.
####5....
.... ...
.. [


You could see a killer bee zombie (ally target) and 3 friendly crimson imps.

Vanquished Creatures
  A centaur (D:5)
  Blork the orc (D:4)
  2 scorpions (D:4)
  A water moccasin zombie (D:5)
  A centaur zombie (D:4)
  A centaur skeleton (D:5)
  An orc priest (D:4)
  A hound skeleton (D:4)
  4 adders
  An adder skeleton (D:4)
  A worm (D:3)
  3 dart slugs
  3 orcs (D:4)
  9 endoplasms
  6 giant cockroaches
  7 goblins
  10 hobgoblins
  2 jackals (D:1)
  7 kobolds
  2 quokkas
  3 ball pythons
  3 bats
  2 frilled lizards
  7 rats
79 creatures vanquished.

Vanquished Creatures (others)
  439 foxfires
  5 toadstools (D:1)
444 creatures vanquished.

Grand Total: 523 creatures vanquished

Notes
Turn   | Place    | Note
-------+----------+-------------------------------------------
     0 | D:1      | karrick the Djinni Fire Elementalist began the quest for
                  | the Orb.
     0 | D:1      | Reached XP level 1. HP: 15/15 MP: 0/0
   206 | D:1      | Reached skill level 3 in Spellcasting
   206 | D:1      | Reached XP level 2. HP: 18/21 MP: 0/0
  1049 | D:1      | Reached XP level 3. HP: 21/25 MP: 0/0
  1049 | D:1      | Learned a level 1 spell: Beastly Appendage
  1548 | D:2      | Found a hide-covered altar of Uskayaw.
  2558 | D:2      | Reached skill level 4 in Spellcasting
  2558 | D:2      | Reached XP level 4. HP: 27/31 MP: 0/0
  2808 | D:2      | Noticed Sigmund
  3958 | D:4      | Noticed a scorpion
  3965 | D:4      | Killed a scorpion
  3966 | D:4      | Reached skill level 1 in Fighting
  3966 | D:4      | Reached XP level 5. HP: 30/37 MP: 0/0
  3966 | D:4      | Learned a level 2 spell: Slow
  4063 | D:4      | Found a staircase to the Ecumenical Temple.
  4072 | Temple   | Entered the Ecumenical Temple
  4237 | Temple   | Became a worshipper of Warmaster Okawaru
  4580 | D:4      | Noticed Blork the orc
  4588 | D:4      | Killed Blork the orc
  4589 | D:4      | Reached skill level 5 in Spellcasting
  4589 | D:4      | Reached XP level 6. HP: 34/42 MP: 0/0
  5116 | D:4      | Reached * piety under Okawaru
  5556 | D:5      | Entered Level 5 of the Dungeon
  5670 | D:5      | Reached XP level 7. HP: 33/47 MP: 0/0
  5670 | D:5      | Learned a level 2 spell: Call Imp
  5876 | D:5      | HP: 2/47 [centaur (3)]
  5881 | D:5      | HP: 2/47 [centaur (4)]
  5883 | D:5      | Slain by a killer bee zombie

Illustrated notes

Levels and vault maps discovered:
D:1:      ldierk_walled_garden, layout_rooms, hangedman_decor_peaks_small
D:2:      layout_basic, basic_altar, uniq_sigmund
D:3:      layout_basic
D:4:      layout_gridville, minmay_temple_entry_sparse_star, uniq_blork_the_orc
D:5:      layout_basic, led_sif_book, minmay_bent, uniq_duvessa
Temple:   regret_index_temple_chain_breaker

Skill      XL: |  1  2  3  4  5  6 |
---------------+-------------------+-----
Spellcasting   | 3 4 5 |  5.9
Fighting       | 1 |  1.2
Stealth        | 2 3 |  3.2
Short Blades   | |  0.2
Dodging        | |  2.8

Action                   |  1- 3 |  4- 6 |  7- 9 || total
-------------------------+-------+-------+-------++-------
Melee: Dagger            |    15 |     6 |     8 ||    29
 Cast: Foxfire           |   112 |   137 |     5 ||   254
       Call Imp          |       |       |     3 ||     3
  Use: Potion            |       |       |     3 ||     3
 Stab: Sleeping          |       |     1 |       ||     1
Armor: Robe              |     6 |     3 |    12 ||    21
Dodge: Dodged            |    18 |     6 |    18 ||    42

Table legend: (Time is in decaauts)
 A = Elapsed time spent in this place.
 B = Non-inter-level travel time spent in this place.
 C = Inter-level travel time spent in this place.
 D = Time resting spent in this place.
 E = Time spent auto-exploring this place.
 F = Levels seen in this place.
 G = Mean time per level.
                   A        B        C        D        E       F      G
               +--------+--------+--------+--------+--------+-----+--------+
         Total |   5873 |   5676 |    197 |      0 |   5116 |   6 |  978.8 |
       Dungeon |   5693 |   5533 |    160 |      0 |   4975 |   5 | 1138.6 |
        Temple |    180 |    143 |     37 |      0 |    141 |   1 |  180.0 |
               +--------+--------+--------+--------+--------+-----+--------+

Top non-repeatable levels by time:
     D:4: 1620 daAuts
     D:2: 1565 daAuts
     D:1: 1287 daAuts
     D:3: 896 daAuts
     D:5: 324 daAuts
  Temple: 180 daAuts
